AoeStats
← EisenEgon

Arabia

510083194Analyzed
1v1 RM · 1d ago on Sep 29, 2026· 51m 54s· 2 players
Game mode
Random Map
Map size
Tiny (2 player)
Population
200
Speed
Normal
Resources
Standard
Victory
Conquest
Starting age
Dark Age
Ending age
Imperial Age
RankedLock teamsTeams togetherTeam positionsShared explorationLock speedFull tech treeHidden civsTurbo modeCheats
Victory
Defeat
🇩🇪 Bohemians · Germany
1282
+18
🇨🇳 Burgundians · China
1320
-18
EisenEgon
6:09 Loom
9:22 Feudal Age
10:18 Double-Bit Axe
19:13 Fletching
22:54 Castle Age
21:40 Padded Archer Armor
21:28 Horse Collar
23:05 Crossbowman
23:41 Bodkin Arrow
23:58 Bow Saw
28:14 Leather Archer Armor
28:53 Wheelbarrow
30:02 Ballistics
30:08 Town Watch
37:14 Imperial Age
35:36 Heavy Plow
36:36 Town Patrol
37:15 Arbalester
37:57 Bracer
39:06 Hand Cart
41:11 Chemistry
42:06 Ring Archer Armor
43:31 Scale Barding Armor
43:37 Forging
44:35 Husbandry
43:56 Light Cavalry
45:16 Conscription
45:26 Cavalier
46:28 Chain Barding Armor
46:43 Iron Casting
50:57 Scale Mail Armor
51:58 Blast Furnace
50:20 Pikeman
51:01 Squires
人生😈百态
6:53 Loom
9:43 Feudal Age
10:06 Man-at-Arms
10:38 Double-Bit Axe
15:46 Bow Saw
16:31 Horse Collar
20:27 Forging
20:31 Scale Mail Armor
23:33 Castle Age
21:49 Fletching
23:37 Heavy Plow
24:13 Scale Barding Armor
25:55 Husbandry
30:53 Two-Man Saw
30:52 Wheelbarrow
32:21 Bodkin Arrow
32:45 Light Cavalry
34:37 Stone Mining
36:01 Chain Barding Armor
37:38 Forging
41:41 Imperial Age
40:36 Iron Casting
44:19 Hand Cart
46:41 Imperial Age
46:50 Imperial Age
47:15 Hussar
48:40 Plate Barding Armor
Connection lost

Rejoining the realm…

Still unreachable

The connection could not be restored.

Session expired

The server has moved on; the page needs a fresh start.